 Dungeon Crawl Stone Soup version 0.23.2-1-ga50397a (webtiles) character file.

Game seed: 15826026180333712138

367 Borgoz the Cudgeler (level 6, -4/52 HPs)
             Began as a Hill Orc Gladiator on May 16, 2019.
             Slain by Menkaure (6 damage)
             ... on level 4 of the Dungeon.
             The game lasted 00:06:18 (3096 turns).

Borgoz the Cudgeler (Hill Orc Gladiator)            Turns: 3096, Time: 00:06:19

Health: -4/52      AC:  9    Str: 17    XL:     6   Next: 69%
Magic:  6/6        EV: 11    Int: 13    God:
Gold:   105        SH:  0    Dex: 14    Spells: 5/5 levels left

rFire    . . .     SeeInvis .   a - +0 flail
rCold    . . .     Gourm    .   (no shield)
rNeg     + . .     Faith    .   h - +0 scale mail
rPois    .         Spirit   .   c - +0 helmet
rElec    .         Reflect  .   p - +0 cloak
rCorr    .         Harm     .   (no gloves)
MR       .....                  (no boots)
Stlth    +.........             (no amulet)
HPRegen  0.17/turn              (no ring)
MPRegen  0.10/turn              w - ring of positive energy

@: brilliant, very slightly contaminated, invisible
A: no striking features
a: no special abilities


You were on level 4 of the Dungeon.
You were hungry.

You visited 1 branch of the dungeon, and saw 4 of its levels.

You collected 105 gold pieces.

Inventory:

Hand Weapons
 a - a +0 flail (weapon)
Missiles
 d - a throwing net (quivered)
Armour
 c - a +0 helmet (worn)
 h - a +0 scale mail (worn)
 p - a +0 cloak (worn)
Jewellery
 w - a ring of positive energy (right hand)
Wands
 s - a wand of enslavement (7)
Scrolls
 b - a scroll of blinking
 e - a scroll of enchant weapon
 g - 3 scrolls of amnesia
 l - a scroll of teleportation {unknown}
 r - a scroll of fog
 t - 2 scrolls of remove curse
Potions
 j - 2 potions of resistance
 k - a potion of curing
 m - a potion of mutation
 n - a potion of lignification
 o - a potion of agility
 v - 2 potions of flight
Comestibles
 f - 9 rations


   Skills:
 + Level 4.3 Fighting
 + Level 4.7 Maces & Flails
 - Level 1.7 Throwing
 + Level 3.0 Armour
 + Level 3.5 Dodging
 - Level 2.0 Stealth


You had 5 spell levels left.
You didn't know any spells.
Your spell library was empty.

Dungeon Overview and Level Annotations

Branches:
Dungeon (4/15)
 Temple: D:4-7

Altars:
Dithmenos
Gozag
Sif Muna
Xom
Yredelemnul
The Shining One

Annotations:
D:4 Menkaure


Message History

It was a potion of brilliance.
You feel clever all of a sudden. The giant cockroach barely misses you.
Menkaure completely misses you.
You feel better. The giant cockroach closely misses you.
Menkaure points at you and mumbles some strange words.
You barely resist.
You feel better. The giant cockroach barely misses you. Menkaure hits you!
* * * LOW HITPOINT WARNING * * *
You feel better. The giant cockroach closely misses you.
Menkaure closely misses you.
The giant cockroach bites you but does no damage.
You sock Menkaure!
Menkaure is moderately damaged.
Menkaure hits you!
* * * LOW HITPOINT WARNING * * *
Menkaure hits you but does no damage.
You thump Menkaure!
Menkaure is severely damaged.
Menkaure hits you.
You die...

... .....##...###....##
..%. ###.###...#.#.#..##
....##.#.##........#....
...................#..#.
......)............#..##
........................
.......(.........[.<....
........................
###...s@..........#.....
#.....M........####.....
.>.............# #.##..
..............## #..#.#
).......$......# #..###
...............# #.
..##.)....#..... ..
#..$...#....


You could see Menkaure and a giant cockroach.

Vanquished Creatures
  2 phantoms (D:4)
  A hound (D:4)
  Crazy Yiuf (D:2)
  4 adders
  A gnoll (D:1)
  2 worms
  7 leopard geckos
  An orc (D:3)
  6 bats
  3 giant cockroaches
  10 goblins
  6 hobgoblins
  8 jackals (D:1)
  2 quokkas
  A ball python (D:2)
  5 frilled lizards
  9 kobolds
  A leopard gecko skeleton (D:4)
  7 rats
77 creatures vanquished.

Notes
Turn   | Place    | Note
-------+----------+-------------------------------------------
     0 | D:1      | Borgoz the Hill Orc Gladiator began the quest for the Orb.
     0 | D:1      | Reached XP level 1. HP: 18/18 MP: 1/1
   107 | D:1      | Reached XP level 2. HP: 12/25 MP: 2/2
   450 | D:1      | Reached skill level 1 in Armour
   456 | D:1      | Reached XP level 3. HP: 28/30 MP: 3/3
   509 | D:1      | Reached skill level 1 in Stealth
  1008 | D:1      | Reached XP level 4. HP: 38/38 MP: 4/4
  1355 | D:2      | Found a runed translucent door.
  1356 | D:2      | Noticed Crazy Yiuf
  1493 | D:2      | Found a shimmering altar of Xom.
  1504 | D:2      | Found a shimmering altar of Xom.
  1504 | D:2      | Found a shimmering altar of Xom.
  1527 | D:2      | Found a shimmering altar of Xom.
  1848 | D:2      | Found a faded altar of an unknown god.
  1912 | D:2      | Found a shimmering altar of Xom.
  1913 | D:2      | Found a shimmering altar of Xom.
  1913 | D:2      | Found a shimmering altar of Xom.
  2095 | D:2      | Killed Crazy Yiuf
  2095 | D:2      | Reached XP level 5. HP: 43/45 MP: 2/5
  2151 | D:3      | Found a basalt altar of Yredelemnul.
  2429 | D:3      | Found a shadowy altar of Dithmenos.
  2430 | D:3      | Found a glowing golden altar of the Shining One.
  2432 | D:3      | Found a deep blue altar of Sif Muna.
  2468 | D:3      | Found an opulent altar of Gozag.
  2649 | D:4      | Noticed a phantom
  2742 | D:4      | Killed a phantom
  2742 | D:4      | Reached XP level 6. HP: 10/52 MP: 6/6
  3050 | D:4      | Noticed a phantom
  3084 | D:4      | Noticed Menkaure
  3089 | D:4      | Killed a phantom
  3095 | D:4      | HP: 2/52 [Menkaure (14)]
  3096 | D:4      | Slain by Menkaure

Skill      XL: |  1  2  3  4  5  6 |
---------------+-------------------+-----
Armour         | 1 2 3 |  3.0
Stealth        | 1 2 |  2.0
Fighting       | 3 4 |  4.3
Maces & Flails | 4 |  4.7
Dodging        | 3 |  3.5
Throwing       | |  1.7

Action                   |  1- 3 |  4- 6 || total
-------------------------+-------+-------++-------
Melee: Flail             |   144 |   176 ||   320
Throw: Throwing net      |       |     3 ||     3
  Use: Scroll            |       |    13 ||    13
       Potion            |       |     7 ||     7
 Stab: Sleeping          |     2 |       ||     2
       Invisible         |       |     2 ||     2
  Eat: Chunk             |     1 |     6 ||     7
Armor: Leather armour    |    25 |       ||    25
       Scale mail        |    72 |    78 ||   150
Dodge: Dodged            |    95 |   118 ||   213
